 Dungeon Crawl Stone Soup version 0.29-a0-384-g6960b1960d (webtiles) character file.

Game seed: 4645802205225563549

847 MirrMurr the Poker (level 7, -9/54 HPs)
             Began as a Demonspawn Gladiator on May 7, 2022.
             Was a Believer of Okawaru.
             Mangled by a tentacled starspawn (30 damage)
             ... on level 1 of the Abyss.
             The game lasted 00:09:22 (5469 turns).

MirrMurr the Poker (Demonspawn Gladiator)           Turns: 5469, Time: 00:09:23

Health: -9/54      AC: 19    Str: 23    XL:     7   Next: 68%
Magic:  7/7        EV:  9    Int:  9    God:    Okawaru [**....]
Gold:   153        SH:  0    Dex: 14    Spells: 6/6 levels left

rFire   . . .      SeeInvis .   a - +1 trident
rCold   . . .      Faith    .   (no shield)
rNeg    + . .      Spirit   .   t - +2 chain mail {rN+}
rPois   .          Reflect  .   c - +0 helmet
rElec   .          Harm     .   j - +0 cloak
rCorr   .          Rampage  .   (no gloves)
Will    .....                   (no boots)
Stlth   ..........              (no amulet)
HPRegen 0.18/turn               x - +6 ring of strength
MPRegen 0.10/turn               v - +4 ring of protection

@: no status effects
A: (demonic guardian 1), sharp scales 2, weakness stinger 2
a: Renounce Religion, Heroism


You were on level 1 of the Abyss.
You worshipped Okawaru.
Okawaru was pleased with you.
You visited 1 branch of the dungeon, and saw 5 of its levels.
You visited the Abyss 1 time.

You collected 153 gold pieces.

Inventory:

Hand Weapons
 a - a +1 trident (weapon)
Missiles
 d - 2 throwing nets
 e - a javelin
 h - 108 stones (quivered)
Armour
 c - a +0 helmet (worn)
 j - a +0 cloak (worn)
 n - a +0 scale mail
 t - a +2 chain mail of positive energy (worn)
Jewellery
 l - a ring of protection from fire
 v - a +4 ring of protection (right hand)
 x - a +6 ring of strength (left hand)
Wands
 k - a wand of polymorph (7)
 q - a wand of flame (9)
Scrolls
 g - a scroll of fear
 p - a scroll of poison
 u - 2 scrolls of vulnerability
Potions
 b - a potion of flight
 f - a potion of invisibility {unknown}
 i - 2 potions of cancellation {unknown}
 m - a potion of attraction
 r - 2 potions of lignification
 s - a potion of curing {unknown}
 z - a potion of might {unknown}


   Skills:
 + Level 4.0 Fighting
 * Level 5.3 Polearms
 + Level 3.6 Throwing
 + Level 3.0 Armour
 + Level 4.1 Dodging


You had 6 spell levels left.
You didn't know any spells.
Your spell library contained the following spells:

 Spells                   Type           Power      Damage    Failure   Level
 Ozocubu's Armour         Ice            0%         N/A       100%        3
 Ozocubu's Refrigeration  Ice            0%         4d5       100%        7


Dungeon Overview and Level Annotations

Branches:
Dungeon (5/15)
 Temple: D:4-7

Altars:
Okawaru
Wu Jian

Shops:
D:3 (   D:5 *

Annotations:
D:3 3 runed translucent doors, peepee's ghost, amateur HOFi


Innate Abilities, Weirdness & Mutations

((A weak demonic guardian rushes to your aid.))
You are mostly covered in razor-sharp scales. (AC +2, Slay +2)
You have a tail ending in a sharp stinger.


Message History

No target in view!
Unknown command.
No target in view!
No target in view!
Unknown command.
No target in view!
Unknown command.
Magic restored.
A small abomination comes into view.
The small abomination moves out of view.
HP restored.
A small abomination is nearby!
Unknown command.
Unknown command.
There is an abandoned shop here.
A tentacled starspawn comes into view.
A tentacle flies out from the starspawn's body!
A starspawn tentacle comes into view.
You hit the tentacled starspawn.
The tentacled starspawn is lightly damaged.
You hit the tentacled starspawn.
The tentacled starspawn is lightly damaged.
The small abomination closely misses you.
You puncture the tentacled starspawn!
Your tail-slap misses the tentacled starspawn.
The tentacled starspawn is lightly damaged.
The small abomination hits you but does no damage.
The tentacled starspawn bites you!!
The tentacled starspawn barely misses you.
The small abomination hits you!
Okay, then.
You puncture the tentacled starspawn!
The tentacled starspawn is lightly damaged.
The small abomination hits you.
You puncture the tentacled starspawn!
The tentacled starspawn is moderately damaged.
The small abomination hits you but does no damage.
The tentacled starspawn bites you!!
Ouch! That really hurt!
You die...

... #.## #.#.
#.. #.. #w# #X#
. #@# #. ##x##
.# #...# #
..#...# #.
#.#..∩# ## #.
#.#.#.### .
#........# .#
#..#........##.
#.#.. ......


You could see a tentacled starspawn, a small abomination and a starspawn
tentacle (distracted).

Vanquished Creatures
  Sigmund (D:2)
  A steam dragon (D:4)
  Edmund (D:4)
  An ice beast (D:5)
  A scorpion (D:4)
  A jelly (D:5)
  A hound (D:4)
  Jessica (D:2)
  An orc wizard (D:3)
  Terence (D:3)
  5 gnolls (D:5)
  4 adders
  4 worms
  A dart slug (D:5)
  7 orcs
  2 bats
  9 endoplasms
  A giant cockroach (D:3)
  7 goblins
  4 hobgoblins
  4 jackals (D:4)
  5 kobolds
  4 quokkas
  4 ball pythons
  A frilled lizard (D:3)
  4 rats
76 creatures vanquished.

Vanquished Creatures (others)
  A goblin (D:4)
  3 fungi (D:3)
  A plant (D:3)
5 creatures vanquished.

Grand Total: 81 creatures vanquished

Notes
Turn   | Place    | Note
-------+----------+-------------------------------------------
     0 | D:1      | MirrMurr the Demonspawn Gladiator began the quest for the
                  | Orb.
     0 | D:1      | Reached XP level 1. HP: 16/16 MP: 1/1
    68 | D:1      | Found a faded altar of an unknown god.
   207 | D:1      | Gained mutation: You are partially covered in razor-sharp
                  | scales. (AC +1, Slay +1) [demonic ancestry]
   207 | D:1      | Reached XP level 2. HP: 14/22 MP: 2/2
   234 | D:1      | HP: 1/22 [quokka (2)]
   695 | D:1      | Reached skill level 3 in Polearms
  1290 | D:2      | Gained mutation: You are mostly covered in razor-sharp
                  | scales. (AC +2, Slay +2) [demonic ancestry]
  1290 | D:2      | Reached XP level 3. HP: 8/27 MP: 3/3
  1578 | D:2      | Reached skill level 1 in Armour
  1819 | D:2      | Found an iron altar of Okawaru.
  1837 | D:2      | Became a worshipper of Warmaster Okawaru
  2266 | D:2      | Noticed Jessica
  2281 | D:2      | Killed Jessica
  2282 | D:2      | Gained mutation: You have a small tail. [demonic ancestry]
  2282 | D:2      | Reached XP level 4. HP: 21/34 MP: 4/4
  2440 | D:2      | Noticed Sigmund
  2599 | D:2      | Killed Sigmund
  2599 | D:2      | Reached * piety under Okawaru
  2600 | D:2      | Reached skill level 4 in Polearms
  2600 | D:2      | Gained mutation: A weak demonic guardian rushes to your
                  | aid. [demonic ancestry]
  2600 | D:2      | Reached XP level 5. HP: 14/41 MP: 5/5
  2922 | D:3      | Found Yqei's Weapon Boutique.
  3054 | D:3      | Noticed Terence
  3060 | D:3      | Killed Terence
  3210 | D:3      | Reached XP level 6. HP: 37/47 MP: 6/6
  3453 | D:3      | Found a runed translucent gate.
  3455 | D:3      | Found a runed translucent gate.
  3456 | D:3      | Found a runed translucent gate.
  3457 | D:3      | Noticed peepee's ghost (amateur HOFi)
  4154 | D:4      | Noticed Edmund
  4178 | D:4      | Killed Edmund
  4394 | D:4      | Gained mutation: You have a tail ending in a sharp stinger.
                  | [demonic ancestry]
  4394 | D:4      | Reached XP level 7. HP: 44/52 MP: 7/7
  4758 | D:4      | Noticed a steam dragon
  4774 | D:4      | Killed a steam dragon
  4774 | D:4      | Reached ** piety under Okawaru
  4775 | D:4      | Reached skill level 5 in Polearms
  4961 | D:4      | Found an ornate altar of the Wu Jian Council.
  5168 | D:5      | Entered Level 5 of the Dungeon
  5358 | D:5      | Found Cenn's Neck Hole.
  5386 | D:5      | Cast into level 1 of the Abyss (gnoll sergeant)
  5448 | Abyss:1  | Noticed a small abomination
  5461 | Abyss:1  | Noticed a tentacled starspawn
  5469 | Abyss:1  | Mangled by a tentacled starspawn

Illustrated notes

Levels and vault maps discovered:
D:1:      sevenhm_arrival_forest_fort_small_4, layout_basic,
          hellmonk_ecumenical_altar_arch_garden, minmay_crystal_water,
          minmay_heptomino_w4
D:2:      layout_basic, basic_altar, minmay_misc_feat_x, hangedman_glass_teeth,
          uniq_jessica, uniq_sigmund
D:3:      layout_loops_ring, serial_shops, nicolae_shop_bloodbath_and_beyond,
          gammafunk_ghost_nasty_kobolds, uniq_terence
D:4:      layout_basic, nzn_wu_jian_council_hall, lemuel_old_faithful,
          uniq_edmund
D:5:      minmay_razor_zed, layout_basic, portal_sewer_entry_b,
          minmay_tree_intersection, hangedman_decor_opposing,
          nicolae_shop_sticking_my_neck_out, uniq_duvessa
Abyss:1:  base: D:3, hangedman_classic_abyss_death

Skill      XL: |  1  2  3  4  5  6  7 |
---------------+----------------------+-----
Throwing       | 2 3 |  3.6
Polearms       | 3 4 5 |  5.3
Armour         | 1 2 3 |  3.0
Dodging        | 3 4 |  4.1
Fighting       | 3 4 |  4.0

Action                   |  1- 3 |  4- 6 |  7- 9 || total
-------------------------+-------+-------+-------++-------
Melee: Trident           |    84 |   107 |    98 ||   289
       Punch             |     1 |     3 |       ||     4
       Tailslap          |       |    11 |     9 ||    20
Throw: Throwing net      |     1 |     4 |       ||     5
Invok: Heroism           |       |     1 |     1 ||     2
  Use: Scroll            |       |    12 |     2 ||    14
 Stab: Held in net/web   |       |     1 |       ||     1
Armor: Leather armour    |     5 |       |       ||     5
       Scale mail        |    17 |    27 |       ||    44
       Chain mail        |       |    13 |    49 ||    62
Dodge: Dodged            |    37 |    34 |    26 ||    97

Table legend: (Time is in decaauts)
 A = Elapsed time spent in this place.
 B = Non-inter-level travel time spent in this place.
 C = Inter-level travel time spent in this place.
 D = Time resting spent in this place.
 E = Time spent auto-exploring this place.
 F = Levels seen in this place.
 G = Mean time per level.
                   A        B        C        D        E       F      G
               +--------+--------+--------+--------+--------+-----+--------+
         Total |   5501 |   5177 |    324 |     94 |   4215 |   6 |  916.8 |
       Dungeon |   5418 |   5094 |    324 |     94 |   4145 |   5 | 1083.6 |
         Abyss |     82 |     82 |      0 |      0 |     70 |   1 |   82.0 |
               +--------+--------+--------+--------+--------+-----+--------+

Top non-repeatable levels by time:
     D:2: 1564 daAuts
     D:1: 1333 daAuts
     D:4: 1214 daAuts
     D:3: 1089 daAuts
     D:5: 217 daAuts
 Abyss:1: 82 daAuts
